 Dungeon Crawl Stone Soup version 0.17-a0-1497-g03599f7 (webtiles) character file.

9060 emikaela the Slicer (level 11, -3/77 HPs)
             Began as an Octopode Wanderer on July 6, 2015.
             Was an Elder of Fedhas.
             Slain by an eight-headed hydra (7 damage)
             ... on level 10 of the Dungeon.
             The game lasted 00:56:30 (14399 turns).

emikaela the Slicer (Octopode Wanderer)            Turns: 14399, Time: 00:56:30

Health: -3/77      AC:  1    Str: 21    XL:     11   Next: 40%
Magic:  13/16      EV: 16    Int: 11    God:    Fedhas [****..]
Gold:   1130       SH:  0    Dex: 15    Spells: 2 memorised, 5 levels left

rFire  . . .     SeeInvis +     a - +7 dagger of the Wasp {pierce, Str+6}
rCold  . . .     Clarity  .     (no shield)
rNeg   . . .     SustAt   .     (helmet restricted)
rPois  .         Gourm    .     (no amulet)
rElec  .         Spirit   .     H - ring of stealth
rCorr  .         Warding  .     Y - ring of see invisible
rMut   .         Stasis   .     (no ring)
MR     .....                    (no ring)
Stlth  +++++++...               (no ring)
                                (no ring)
                                (no ring)
                                (no ring)

@: repel missiles, not resistant to hostile enchantments, extremely stealthy
A: almost no armour, amphibious, 8 rings, constrict 8, camouflage 1, gelatinous
body 1
a: Evolution, Sunlight, Growth, Reproduction, Renounce Religion


You were on level 10 of the Dungeon.
You worshipped Fedhas.
Fedhas was greatly pleased with you.
You were not hungry.

You visited 2 branches of the dungeon, and saw 11 of its levels.
You also visited: Bailey.

You collected 1367 gold pieces.
You spent 237 gold pieces at shops.

Inventory:

Hand weapons
 a - the +7 dagger of the Wasp (weapon) {pierce, Str+6}
   (You found it on level 6 of the Dungeon)

   It inflicts extra damage upon your enemies.
   It affects your strength (+6).
 b - a +0 blowgun
 K - the +1 dagger of the Water Diviner {antimagic, rPois MR+}
   (You found it on level 6 of the Dungeon)

   It disrupts the flow of magical energy around spellcasters and certain
   magical creatures (including the wielder).
   It protects you from poison.
   It affects your resistance to hostile enchantments.
 P - a cursed -2 dagger
 X - a +0 dagger of electrocution
Missiles
 e - 3 throwing nets (quivered)
 i - 290 stones
 l - 87 sling bullets
 q - 38 poisoned needles
 r - 61 arrows
 t - 11 tomahawks
 w - a tomahawk of dispersal
 D - 8 arrows of frost
 N - 45 tomahawks of returning
 S - 26 bolts
 V - 20 arrows of flame
Armour
 C - a +1 buckler
Jewellery
 H - a ring of stealth (left tentacle)
 Y - a ring of see invisible (right tentacle)
Magical devices
 f - a wand of frost (10)
 s - a wand of paralysis (4)
 G - a wand of fireball (0)
 Q - a wand of fireball (5)
 R - a wand of fireball (1)
 U - a wand of invisibility (6)
Scrolls
 c - 3 scrolls of teleportation
 k - a scroll of magic mapping
 m - a scroll of blinking
 n - 2 scrolls of immolation
 v - a scroll of enchant armour
 x - 3 scrolls of fear
 y - a scroll of enchant weapon {unknown}
 I - a scroll of silence {unknown}
 J - a scroll of vulnerability {unknown}
 W - a scroll of random uselessness {unknown}
 Z - a scroll of brand weapon {unknown}
Potions
 j - 2 potions of resistance
 p - 6 potions of curing
 u - 5 potions of mutation
 z - a potion of might
 A - a potion of agility {unknown}
 B - 2 potions of cancellation {unknown}
 O - a potion of haste
 T - 4 potions of flight
Books
 E - a book of Battle
 F - the Almanac of Forking Paths
   (You found it on level 7 of the Dungeon)

   Spells                             Type                      Level
   a - Shock                          Conjuration/Air              1
   b - Repel Missiles                 Charms/Air                   2
   c - Static Discharge               Conjuration/Air              3
   d - Silence                        Hexes/Air                    5
   e - Tornado                        Air                          9
 M - a book of Beasts
Miscellaneous
 g - a lamp of fire (inert)
 L - a phantom mirror
Comestibles
 d - 6 bread rations
 h - a beef jerky
 o - 5 meat rations


   Skills:
 + Level 7.8 Fighting
 - Level 10.0 Short Blades
 + Level 6.4 Dodging
 - Level 10.0 Stealth
 - Level 4.1 Shields
 - Level 4.0 Invocations
 + Level 7.6 Evocations


You had 5 spell levels left.
You knew the following spells:

 Your Spells              Type           Power        Failure   Level  Hunger
m - Repel Missiles        Chrm/Air       #.....       56%         2    ###....
r - Regeneration          Chrm/Necr      #.........   90%         3    ####...


Dungeon Overview and Level Annotations

Branches:
Dungeon (10/15)            Temple (1/1) D:7            Lair (0/8) D:10
    Orc: D:9-12

Altars:
Ashenzari
Cheibriados
Dithmenos
Elyvilon
Fedhas
Gozag
Kikubaaqudgha
Makhleb
Nemelex Xobeh
Okawaru
Qazlal
Ru
Sif Muna
Trog
Vehumet
Xom
Yredelemnul
Zin
The Shining One

Shops:
D:4 !   D:5 *   D:9 }


Innate Abilities, Weirdness & Mutations

You cannot wear most types of armour.
You are amphibious.
You can wear up to eight rings at the same time.
You can use your tentacles to constrict eight enemies at once.
Your skin changes colour to match your surroundings (Stealth).
Your rubbery body absorbs attacks (AC +1).


Message History

Aim: an eight-headed hydra (severely wounded)
The fireball explodes!
The fireball engulfs the eight-headed hydra.
The eight-headed hydra is almost dead.
Evoking this partially-identified wand wasted a few charges.
Drink which item? (? for menu, Esc to quit)
Okay, then.
Evoke which item? (* to show all) (? for menu, Esc to quit)
Okay, then.
Evoke which item? (* to show all) (? for menu, Esc to quit)
Aiming: Phantom Mirror
Press: ? - help, Dir - move target cursor, f/p - eight-headed hydra
Aim: an eight-headed hydra (severely wounded)
You reflect the eight-headed hydra with the mirror, and the mirror shatters!
The eight-headed hydra barely misses you.
The eight-headed hydra bites you!
* * * LOW HITPOINT WARNING * * *
The eight-headed hydra bites you!
You die...
Fedhas appreciates your contribution to the ecosystem.

**.#*#.#,#.#.#.#.#.#.#f##,,,*
*,#.#*#.#*#.#.#.###.###.#,,,*****
.#*#.#,#.#,#.#.#.#.#.#.##,,,,,,,,
#.#*#.#*#.###.#.#.###.##*,,,,,,,,
*#.#,#.#,#.#.#.#.#.#.#[##,,,,,,,,
**#.#*#.###.###.#.#.###(#,,,,,,,,
,*,#.#,#.#.#.#.#.#.#.#.##,,,,,,,,
*,**#.###.###.###÷#P#.##*,,>,,,,,
,*,*,#.#.#.#.#.#@#.#.#.#*,,,,,,,,
***,**#÷###.###D###.#.#$#,,,,,,,,
,*,*,#÷#P#.#.#.#.#.#.#)##,,,,,,,,
*,**#[###[###.###!###$#.#,,,,,,,,
****##**###*###*###**###..,,,,,,,
,,,,,,,,,,,,,,,,,,,,,,,,..#******
,,,,,,,,,,******,,*****,*.#
,,,,,,,,,,* *,,****,,*,#
,,,,,,,,,,* *,,,,,,,**,*


You could see an eight-headed hydra.

Vanquished Creatures
  An ogre mage (D:10)
  Erolcha (D:8)
  The ghost of emikaela the Spear-Bearer, an experienced OpWn of Nemelex Xobeh (D:9)
  An unseen horror (D:10)
  Joseph (D:8)
  The ghost of urechis the Cudgeler, an experienced GrFi of Trog (D:7)
  A deep elf priest (D:7)
  Sigmund (D:5)
  A yak (D:10)
  A wraith (D:10)
  A hungry ghost (D:8)
  3 hippogriffs
  6 orc warriors
  A water moccasin (D:8)
  An ice beast (D:10)
  2 sky beasts
  A black bear (D:7)
  2 phantoms
  4 ogres
  3 centaurs
  A big kobold (D:7)
  8 giant frogs
  A scorpion (D:9)
  7 killer bees
  4 crimson imps
  2 giant frog zombies
  A jelly (D:10)
  2 quasits
  An orc priest (D:6)
  A centaur skeleton (D:4)
  5 hounds
  5 orc wizards
  2 giant frog skeletons (D:6)
  5 iguanas
  3 worker ants
  2 hound zombies
  3 hound skeletons (D:6)
  5 worker ant zombies
  14 adders
  6 gnolls
  A shadow imp (D:5)
  An adder skeleton (D:5)
  An adder zombie (D:9)
  3 worms
  4 giant geckos
  21 orcs
  A ball python (D:1)
  14 bats
  3 bat skeletons
  3 bat zombies (D:6)
  5 giant cockroaches
  22 hobgoblins
  27 kobolds
  3 giant gecko skeletons
  A giant gecko zombie (D:6)
  8 giant newts
  15 goblins
  6 jackals
  2 jackal skeletons (D:6)
  8 quokkas
  3 quokka skeletons
  18 rats
282 creatures vanquished.

Vanquished Creatures (collateral kills)
  A wyvern (D:8)
  A deep elf mage (D:8)
  A water moccasin (D:5)
  An ice beast (D:5)
  An orc warrior (D:10)
  A phantom (D:4)
  An ogre (D:6)
  A centaur (D:8)
  A giant frog (D:6)
  A wyvern zombie (D:6)
  A scorpion (D:7)
  3 killer bees
  A crimson imp (D:6)
  A giant frog skeleton (D:6)
  An orc priest (D:4)
  A hound (D:4)
  6 orc wizards
  2 centaur skeletons
  A killer bee zombie (D:6)
  A hound skeleton (D:10)
  A worker ant zombie (D:6)
  2 adders
  A gnoll (D:5)
  14 orcs
  3 bat skeletons
  A bat zombie (D:6)
  2 hobgoblins
  2 ball pythons
  2 giant newts
  A rat (D:4)
  A toadstool (D:6)
58 creatures vanquished.

Vanquished Creatures (others)
  9 wandering mushrooms
  A centaur (D:5)
  An iguana (D:5)
  A worker ant (D:5)
  A killer bee zombie (D:6)
  2 worker ant zombies (D:6)
  A giant cockroach (D:5)
  A kobold (D:5)
  A giant cockroach zombie (D:5)
  A goblin (D:5)
  7 plants (D:8)
  144 toadstools
170 creatures vanquished.

Grand Total: 510 creatures vanquished

Notes
Turn   | Place    | Note
--------------------------------------------------------------
     0 | D:1      | emikaela the Octopode Wanderer began the quest for the Orb.
     0 | D:1      | emikaela set off with: a lamp of fire, a +0 quarterstaff, a scroll of teleportation, a bread ration
     0 | D:1      | Reached XP level 1. HP: 16/16 MP: 1/1
   163 | D:1      | Reached XP level 2. HP: 19/21 MP: 2/2
   704 | D:1      | Reached XP level 3. HP: 18/26 MP: 3/3
  2200 | D:2      | Reached XP level 4. HP: 26/33 MP: 4/4
  2707 | D:3      | Reached skill level 4 in Stealth
  2918 | D:3      | Found a shattered altar of Ashenzari.
  3034 | D:3      | Found a faded altar to an unknown god.
  3047 | D:3      | Became a worshipper of Fedhas Madash
  3047 | D:3      | Acquired Fedhas's first power
  3430 | D:3      | Reached XP level 5. HP: 37/37 MP: 5/5
  3440 | D:3      | Reached skill level 1 in Invocations
  3675 | D:3      | Noticed a sky beast
  3704 | D:3      | Killed a sky beast
  3704 | D:3      | Reached skill level 5 in Stealth
  4326 | D:4      | Reached XP level 6. HP: 35/44 MP: 7/7
  4349 | D:4      | Found a sparkling altar of Nemelex Xobeh.
  4470 | D:4      | Found Mosmuis's Distillery.
  4473 | D:4      | Bought a potion of might for 40 gold pieces
  4473 | D:4      | Bought a potion of lignification for 30 gold pieces
  4473 | D:4      | Bought a potion of curing for 30 gold pieces
  4625 | D:4      | Noticed an ogre
  4630 | D:4      | Killed an ogre
  4825 | D:4      | Reached skill level 6 in Stealth
  4831 | D:4      | Reached skill level 5 in Fighting
  4831 | D:4      | Reached XP level 7. HP: 16/50 MP: 8/8
  5393 | D:4      | Noticed a phantom
  5427 | D:4      | Killed a phantom
  5836 | D:4      | Noticed a phantom
  5853 | D:4      | Killed a phantom
  6225 | D:4      | Reached skill level 7 in Stealth
  6369 | D:5      | Entered Level 5 of the Dungeon
  6657 | D:5      | Noticed Sigmund
  6666 | D:5      | Killed Sigmund
  6666 | D:5      | Reached XP level 8. HP: 49/57 MP: 10/10
  6712 | D:5      | Found a shimmering altar of Xom.
  6735 | D:5      | Acquired Fedhas's second power
  7033 | D:5      | Found Xuch's General Store.
  7043 | D:5      | Bought a scroll of remove curse for 33 gold pieces
  7043 | D:5      | Bought a scroll of fear for 38 gold pieces
  7071 | D:5      | Reached skill level 1 in Shields
  7844 | D:5      | Found a sparkling altar of Nemelex Xobeh.
  7845 | D:5      | Found an opulent altar of Gozag.
  8242 | D:6      | Acquired Fedhas's third power
  8427 | D:6      | Reached XP level 9. HP: 41/62 MP: 12/12
  8750 | D:6      | Found a bloodstained altar of Trog.
  8752 | D:6      | Found a radiant altar of Vehumet.
  8825 | D:6      | Got an encrusted dagger
  8847 | D:6      | Identified the cursed +1 dagger of the Water Diviner {antimagic, rPois MR+} (You found it on level 6 of the Dungeon)
  8863 | D:6      | Reached skill level 5 in Evocations
  9359 | D:6      | Found an ancient bone altar of Kikubaaqudgha.
  9397 | D:6      | Got a scorched dagger
  9432 | D:6      | Identified the +7 dagger of the Wasp {pierce, Str+6} (You found it on level 6 of the Dungeon)
  9571 | D:7      | Identified the Almanac of Forking Paths
  9675 | D:7      | Found a staircase to the Ecumenical Temple.
  9682 | D:7      | Reached skill level 5 in Short Blades
  9686 | Temple   | Entered the Ecumenical Temple
  9790 | D:7      | Found an iron altar of Okawaru.
  9790 | D:7      | Noticed a deep elf priest
  9795 | D:7      | Killed a deep elf priest
 10197 | D:7      | Noticed urechis's ghost (experienced GrFi)
 10202 | D:7      | Killed urechis's ghost
 10496 | D:8      | Reached skill level 8 in Short Blades
 10556 | D:8      | Noticed Erolcha
 10563 | D:8      | Killed Erolcha
 10563 | D:8      | Reached skill level 9 in Short Blades
 10563 | D:8      | Reached XP level 10. HP: 68/68 MP: 13/13
 10605 | D:8      | Noticed Joseph
 10612 | D:8      | Killed Joseph
 10676 | D:8      | Acquired Fedhas's fourth power
 11100 | D:8      | Reached skill level 10 in Short Blades
 11266 | D:8      | Found a blossoming altar of Fedhas.
 11745 | D:9      | Found Fuarea's Gadget Shoppe.
 11756 | D:9      | Noticed emikaela's ghost (experienced OpWn)
 11761 | D:9      | Killed emikaela's ghost
 11761 | D:9      | Reached skill level 5 in Dodging
 11879 | D:9      | Bought a wand of paralysis (4) for 66 gold pieces
 12622 | D:10     | Entered Level 10 of the Dungeon
 12670 | D:10     | Found a staircase to the Lair.
 12685 | D:10     | Found a flagged portal.
 12780 | Bailey   | Entered a bailey
 13151 | Bailey   | Reached XP level 11. HP: 41/74 MP: 16/16
 13656 | D:10     | Learned a level 2 spell: Repel Missiles
 13660 | D:10     | Learned a level 3 spell: Regeneration
 14145 | D:10     | Noticed an unseen horror
 14155 | D:10     | Killed an unseen horror
 14274 | D:10     | Reached skill level 10 in Stealth
 14308 | D:10     | Noticed an ogre mage
 14309 | D:10     | Killed an ogre mage
 14354 | D:10     | Noticed an eight-headed hydra
 14376 | D:10     | Acquired Fedhas's fifth power
 14399 | D:10     | Slain by an eight-headed hydra

Vault maps used:
D:1:      dpeg_arrival_another_circle, serial_co_window_serial,
          co_window_paths_a, co_window_of_opportunity_a,
          co_window_of_opportunity_a, co_window_of_opportunity_a,
          co_window_paths_a, co_window_unsneaky_path_e, co_window_broadway_c,
          co_window_paths_c, co_window_of_opportunity_b, co_window_corner_ca
D:3:      overflow_temple_1_default, ecumenical_altar_2,
          minmay_misc_feat_diagonals
D:4:      serial_shops, kennysheep_mini, corexii_checkpoint_b,
          nemelex_xobeh_ov_fountains_minmay
D:5:      grunt_temple_overflow_opulence, serial_shops,
          nicolae_shop_statue_plus, first_bread, xom_confusion_cloud,
          uniq_sigmund
D:6:      kiku_gazebo_pond_becter, minitemple, serial_undead, serial_undead_a,
          serial_undead_d, serial_undead_d, serial_undead_f, serial_undead_a,
          serial_undead_e, serial_undead_e, serial_undead_d, serial_undead_b,
          serial_undead_a, abandoned_shop
D:7:      temple_statues, david_defended_altar_elf
D:8:      fountainhead, fedhas_altar_decomposition, uniq_erolcha, uniq_joseph
D:9:      serial_shops, shop_coins
D:10:     minmay_imperfect_grid, minmay_lair_entry_lava, enter_bailey_8
Temple:   zaba_magenta_temple_12
Bailey:   bailey_axe_4, bailey

Action                   |  1- 3 |  4- 6 |  7- 9 | 10-12 || total
-------------------------+-------+-------+-------+-------++-------
Melee: Quarterstaff      |    11 |       |       |       ||    11
       Dagger            |    12 |       |    90 |   237 ||   339
       Whip              |    46 |    77 |   193 |       ||   316
Throw: Throwing net      |       |       |     1 |       ||     1
 Cast: Repel Missiles    |       |       |       |     1 ||     1
Invok: Evolution         |       |     3 |       |     6 ||     9
Evoke: Lamp of fire      |       |       |     1 |     1 ||     2
       Wand              |       |       |     1 |     3 ||     4
       Phantom mirror    |       |       |       |     1 ||     1
  Use: Scroll            |       |     1 |     7 |     3 ||    11
       Potion            |       |       |       |     2 ||     2
 Stab: Sleeping          |    16 |    10 |    18 |    24 ||    68
       Confused          |       |     1 |       |       ||     1
       Distracted        |       |       |     3 |     2 ||     5
  Eat: Chunk             |     4 |     7 |    10 |     7 ||    28
       Meat ration       |       |       |     1 |       ||     1
       Beef jerky        |       |       |     1 |     1 ||     2
       Royal jelly       |       |       |     1 |     3 ||     4
